 Dungeon Crawl Stone Soup version 0.28-a0-563-gf77a47075d (webtiles) character file.

Game seed: 6795653627906067989

55 SkeletonJelly the Sneak (level 3, -4/16 HPs)
             Began as a Vine Stalker Enchanter on Oct 1, 2021.
             Hit by a stone thrown by a gnoll (5 damage)
             ... on level 1 of the Dungeon.
             The game lasted 00:05:41 (1573 turns).

SkeletonJelly the Sneak (Vine Stalker Enchanter)    Turns: 1573, Time: 00:05:42

Health: -4/16      AC:  2    Str: 10    XL:     3   Next: 93%
Magic:  0/7        EV: 12    Int: 22    God:
Gold:   0          SH:  0    Dex: 14    Spells: 1/6 levels left

rFire   . . .      SeeInvis .   a - +1 dagger
rCold   . . .      Faith    .   (no shield)
rNeg    . . .      Spirit   +   b - +0 robe
rPois   .          Reflect  .   (no helmet)
rElec   .          Harm     .   (no cloak)
rCorr   .          Rampage  .   (no gloves)
Will    .....                   (no boots)
Stlth   +++.......              h - amulet of magic regeneration
HPRegen 0.05/turn               g - +6 ring of intelligence
MPRegen 0.35/turn               (no ring)

@: no status effects
A: fangs 2, magic shield, antimagic bite, no potion heal 2, MP-powered wands
a: no special abilities


You were on level 1 of the Dungeon.
You visited 1 branch of the dungeon, and saw 2 of its levels.

Inventory:

Hand Weapons
 a - a +1 dagger (weapon)
Armour
 b - a +0 robe (worn)
Jewellery
 g - a +6 ring of intelligence (left hand)
 h - an amulet of magic regeneration (around neck)
Scrolls
 d - a scroll of vulnerability {unknown}
 e - a scroll of teleportation {unknown}
 f - a scroll of enchant weapon {unknown}
Potions
 c - a potion of invisibility


   Skills:
 * Level 2.1 Short Blades
 - Level 1.5 Dodging
 + Level 4.2 Stealth
 - Level 2.1 Spellcasting
 * Level 3.7 Hexes


You had one spell level left.
You knew the following spells:

 Your Spells              Type           Power      Damage    Failure   Level
a - Ensorcelled Hibernat  Hex/Ice        20%        N/A       10%         2
t - Confusing Touch       Hex            19%        N/A       9%          3

Your spell library contained the following spells:

 Spells                   Type           Power      Damage    Failure   Level
 Tukima's Dance           Hex            19%        N/A       9%          3
 Dazzling Flash           Conj/Hex       20%        N/A       19%         3
 Leda's Liquefaction      Hex/Erth       5%         N/A       52%         4
 Lee's Rapid Deconstruct  Erth           1%         3d5*      98%         5
 Statue Form              Tmut/Erth      1%         N/A       100%        6


Dungeon Overview and Level Annotations

Branches:
Dungeon (2/15)

Altars:
Qazlal


Innate Abilities, Weirdness & Mutations

You have extremely sharp teeth.
When hurt, damage is shared between your health and your magic reserves.
Your bite disrupts and absorbs the magic of your enemies.
Potions cannot restore your health.
You expend magic power (3 MP) to strengthen your wands.


Message History

MP restored: 7 A gnoll comes into view. It is wielding a +0 club.
A gnoll is nearby!
A gnoll is nearby!
Unknown command.
Unknown command.
An endoplasm comes into view.
The gnoll misses you.
Casting: Ensorcelled Hibernation (safe; 10% risk of failure)
Confirm with . or Enter, or press ? or * to list all spells.
Aiming: Ensorcelled Hibernation (safe; 10% risk of failure)
Press: ? - help, Shift-Dir - straight line, f - gnoll
Aim: a gnoll, wielding a +0 club (chance to affect: 50%)
The gnoll looks drowsy...
The endoplasm quivers.
You now have 5/7 mp.
The helpless gnoll fails to defend itself.
You puncture the gnoll!
You kill the gnoll!
Casting: Ensorcelled Hibernation (safe; 10% risk of failure)
Confirm with . or Enter, or press ? or * to list all spells.
Aiming: Ensorcelled Hibernation (safe; 10% risk of failure)
Press: ? - help, Shift-Dir - straight line, f - endoplasm
Aim: an endoplasm (chance to affect: 59%)
The endoplasm resists with significant effort.
The endoplasm freezes you.
You are frozen.
You now have 3/7 mp.
Casting: Ensorcelled Hibernation (safe; 10% risk of failure)
Confirm with . or Enter, or press ? or * to list all spells.
Aiming: Ensorcelled Hibernation (safe; 10% risk of failure)
Press: ? - help, Shift-Dir - straight line, f/p - endoplasm
Aim: an endoplasm (chance to affect: 59%)
The endoplasm looks drowsy...
You now have 2/7 mp.
The helpless endoplasm fails to defend itself.
You puncture the endoplasm!
You kill the endoplasm!
Things that are here:
a +0 club; a gnoll corpse; MP restored: 7 Key pressed, stopping explore.
This spell is extremely dangerous to cast!
Memorise Confusing Touch, consuming 3 spell levels and leaving 1?
You start memorising the spell.
You continue memorising. x3
You finish memorising.
Spell assigned to 'b'.
Adjust (i)tems, (s)pells, or (a)bilities?
Adjust which spell? b - Confusing Touch Adjust to which letter? t - Confusing Touch A gnoll is nearby!
A gnoll is nearby!
A gnoll is nearby!
You barely miss the gnoll.
The gnoll shouts!
Your bite misses the gnoll. The gnoll closely misses you.
Casting: Ensorcelled Hibernation (safe; 10% risk of failure)
Confirm with . or Enter, or press ? or * to list all spells.
Aiming: Ensorcelled Hibernation (safe; 10% risk of failure)
Press: ? - help, Shift-Dir - straight line, f - gnoll
Aim: a gnoll, wielding a +0 club and quivering stones (chance to affect: 50%)
The gnoll resists with some effort.
The gnoll hits you with a +0 club!
You take 6 damage, and have 10/16 hp.
MASSIVE DAMAGE!!
You now have 3/7 mp.
Casting: Ensorcelled Hibernation (safe; 10% risk of failure)
Confirm with . or Enter, or press ? or * to list all spells.
Aiming: Ensorcelled Hibernation (safe; 10% risk of failure)
Press: ? - help, Shift-Dir - straight line, f/p - gnoll
Aim: a gnoll, wielding a +0 club and quivering stones (chance to affect: 50%)
The gnoll resists with some effort.
The gnoll barely misses you.
You now have 1/7 mp.
Casting: Ensorcelled Hibernation (safe; 10% risk of failure)
Confirm with . or Enter, or press ? or * to list all spells.
You don't have enough magic to cast this spell.
Unknown command.
The gnoll throws a stone.
The stone misses you.
Casting: Ensorcelled Hibernation (safe; 10% risk of failure)
Confirm with . or Enter, or press ? or * to list all spells.
Aiming: Ensorcelled Hibernation (safe; 10% risk of failure)
Press: ? - help, Shift-Dir - straight line, f/p - gnoll
Aim: a gnoll, wielding a +0 club and quivering stones (chance to affect: 50%)
Okay, then.
The gnoll throws a stone.
The stone hits you.
You take 3 damage, and have 7/16 hp.
Casting: Ensorcelled Hibernation (safe; 10% risk of failure)
Confirm with . or Enter, or press ? or * to list all spells.
Aiming: Ensorcelled Hibernation (safe; 10% risk of failure)
Press: ? - help, Shift-Dir - straight line, f/p - gnoll
Aim: a gnoll, wielding a +0 club and quivering stones (chance to affect: 50%)
The gnoll resists with some effort.
The gnoll hits you with a +0 club.
* * * LOW HITPOINT WARNING * * *
You take 4 damage, and have 4/16 hp.
MASSIVE DAMAGE!!
You now have 0/7 mp.
The gnoll throws a stone.
The stone hits you.
* * * LOW HITPOINT WARNING * * *
You take 3 damage, and have 1/16 hp.
You now have 0/7 mp.
The gnoll throws a stone.
The stone barely misses you.
You aren't carrying any items that you can evoke.
It was a potion of mutation.
You feel extremely strange.
You feel your magical essence link to the dungeon's wands.
The gnoll throws a stone.
The stone hits you.
You die...

##### #### #...#
...###################...###..
................@..g.........#
...###################...#....
#.## #....# . ..# #.....# .##
...#...# .# #.......# .#
#...###### ## #..# .. #
####..#...


You could see a gnoll.

Vanquished Creatures
  2 gnolls
  An adder (D:2)
  3 worms (D:2)
  3 endoplasms
  A hobgoblin (D:2)
  3 kobolds
  A ball python (D:1)
  3 frilled lizards (D:1)
  2 goblins
  3 rats
22 creatures vanquished.

Notes
Turn   | Place    | Note
-------+----------+-------------------------------------------
     0 | D:1      | SkeletonJelly the Vine Stalker Enchanter began the quest
                  | for the Orb.
     0 | D:1      | Reached XP level 1. HP: 9/9 MP: 4/4
    64 | D:1      | Found a faded altar of an unknown god.
    92 | D:1      | Reached skill level 1 in Short Blades
   493 | D:2      | Reached XP level 2. HP: 13/13 MP: 6/6
   496 | D:2      | Learned a level 2 spell: Ensorcelled Hibernation
   748 | D:2      | Found a stormy altar of Qazlal.
  1062 | D:2      | Reached skill level 4 in Stealth
  1169 | D:2      | Reached XP level 3. HP: 16/16 MP: 7/7
  1553 | D:1      | Learned a level 3 spell: Confusing Touch
  1573 | D:1      | Gained mutation: You expend magic power (3 MP) to
                  | strengthen your wands. [potion of mutation]
  1573 | D:1      | Hit by a stone thrown by a gnoll

Illustrated notes

Levels and vault maps discovered:
D:1:      dpeg_arrival_tiny_d, layout_rooms,
          dreamdust_ecumenical_altar_hidden_monk_grotto
D:2:      layout_loops_corners, basic_altar, grunt_ministairs_6

Skill      XL: |  1  2  3 |
---------------+----------+-----
Short Blades   | 1 2 |  2.1
Stealth        | 4 |  4.2
Dodging        | |  1.5
Spellcasting   | |  2.1
Hexes          | |  3.7

Action                   || total
-------------------------++-------
Melee: Dagger            ||    33
       Bite              ||     3
 Cast: Ensorcelled Hiber ||    17
  Use: Potion            ||     2
 Stab: Sleeping          ||    15
Armor: Robe              ||     2
Dodge: Dodged            ||    27

Table legend: (Time is in decaauts)
 A = Elapsed time spent in this place.
 B = Non-inter-level travel time spent in this place.
 C = Inter-level travel time spent in this place.
 D = Time resting spent in this place.
 E = Time spent auto-exploring this place.
 F = Levels seen in this place.
 G = Mean time per level.
                   A        B        C        D        E       F      G
               +--------+--------+--------+--------+--------+-----+--------+
         Total |   1570 |   1570 |      0 |    213 |    869 |   2 |  785.0 |
       Dungeon |   1570 |   1570 |      0 |    213 |    869 |   2 |  785.0 |
               +--------+--------+--------+--------+--------+-----+--------+

Top non-repeatable levels by time:
     D:2: 943 daAuts
     D:1: 627 daAuts
